 Dungeon Crawl Stone Soup version 0.18.1-48-g4cf74bf (webtiles) character file.

752 Joat the Magician (level 7, -17/52 HPs)
             Began as a Demigod Conjurer on July 27, 2016.
             Demolished by an orc warrior
             ... wielding a +0 dire flail
              (21 damage)
             ... on level 5 of the Dungeon.
             The game lasted 01:04:29 (5237 turns).

Joat the Magician (Demigod Conjurer)                Turns: 5237, Time: 01:04:29

Health: -17/52     AC:  8    Str: 11    XL:     7   Next: 24%
Magic:  12/18      EV:  7    Int: 23    God:
Gold:   365        SH:  0    Dex: 16    Spells: 5 memorised, 2 levels left

rFire  . . .     SeeInvis .     M - +2 mace (drain)
rCold  . . .     Gourm    .     E - +3 leather armour
rNeg   . . .     Faith    .     (no shield)
rPois  .         Spirit   .     (no helmet)
rElec  .         Dismiss  .     u - +0 cloak
rCorr  .         Reflect  .     (no gloves)
SustAt +         Harm     .     C - +0 pair of boots
MR     .....                    (no amulet)
Stlth  ++........               (no ring)
                                (no ring)

@: lethally poisoned (-17 -> -19), not resistant to hostile enchantments,
unstealthy
A: high mp 1, sustain attributes
a: no special abilities


You were on level 5 of the Dungeon.
You were not hungry.

You visited 1 branch of the dungeon, and saw 6 of its levels.

You collected 365 gold pieces.

Inventory:

Hand Weapons
 e - a +0 club
 h - a +0 dagger of venom
 p - a +0 hunting sling
 t - a +2 quarterstaff of chaos
 x - a +0 antimagic dagger
 B - a +0 arbalest
 D - a +2 flail of holy wrath
 M - a +2 mace of draining (weapon)
Missiles
 g - 43 arrows
 i - 25 bolts
 o - 55 poisoned needles (quivered)
Armour
 a - a +0 robe
 u - a +0 cloak (worn)
 y - a +2 scale mail of fire resistance
 C - a +0 pair of boots (worn)
 E - a +3 leather armour (worn)
 J - a +0 shield
Wands
 q - a wand of random effects (35/48)
 w - a wand of digging (13/24)
 I - a wand of lightning (4/15)
Scrolls
 k - a scroll of immolation {unknown}
 l - 3 scrolls of identify {unknown}
 n - 2 scrolls of amnesia {unknown}
 s - 2 scrolls of remove curse {unknown}
 v - 2 scrolls of fog {unknown}
 F - a scroll of random uselessness {unknown}
 H - a scroll of fear {unknown}
Potions
 j - 2 potions of flight {unknown}
 m - 2 potions of might
 A - a potion of magic {unknown}
 G - a potion of berserk rage {unknown}
 K - a potion of heal wounds {unknown}
Books
 b - a book of Conjurations

   Spells                             Type                      Level
   a - Magic Dart                     Conjuration                  1
   b - Searing Ray                    Conjuration                  2
   c - Dazzling Spray                 Conjuration/Hexes            3
   d - Fulminant Prism                Conjuration/Hexes            4
   e - Iskenderun's Mystic Blast      Conjuration                  4
   f - Iskenderun's Battlesphere      Conjuration/Charms           5
 z - a book of the Warp

   Spells                             Type                      Level
   a - Recall                         Summoning/Translocation      3
   b - Gell's Gravitas                Hexes/Translocation          3
   c - Force Lance                    Conjuration/Translocation    4
   d - Warp Weapon                    Charms/Translocation         5
   e - Summon Forest                  Summoning/Translocation      5
Comestibles
 c - 3 bread rations
 d - 3 slices of pizza
 f - 6 meat rations
 r - a beef jerky
 L - a chunk of flesh


   Skills:
 - Level 1.0 Fighting
 - Level 1.0 Short Blades
 - Level 1.0(1.2) Maces & Flails
 - Level 1.0(1.2) Staves
 - Level 1.0(1.2) Slings
 - Level 1.0 Crossbows
 - Level 1.0(1.2) Throwing
 + Level 1.0 Armour
 + Level 2.0 Dodging
 + Level 2.0 Stealth
 + Level 0.8 Shields
 - Level 1.0 Unarmed Combat
 + Level 5.4 Spellcasting
 + Level 3.6 Conjurations
 + Level 1.2 Hexes
 - Level 1.0 Evocations


You had 2 spell levels left.
You knew the following spells:

 Your Spells              Type           Power        Failure   Level  Hunger
a - Magic Dart            Conj           ###.         2%          1    None
b - Searing Ray           Conj           ###...       4%          2    None
c - Dazzling Spray        Conj/Hex       ###...       14%         3    ##.....
d - Fulminant Prism       Conj/Hex       ###.......   50%         4    ####...
e - Iskenderun's Mystic   Conj           ###.....     28%         4    ####...


Dungeon Overview and Level Annotations

Branches:
Dungeon (6/15)
 Temple: D:4-7

Shops:
D:5 }


Innate Abilities, Weirdness & Mutations

You have an increased reservoir of magic (+10% MP).
Your attributes are resistant to harm.


Message History

The worker ant bites you.
There is a stone staircase leading up here.
The worker ant bites you.
The orc warrior hits you with a dire flail!
* * * LOW HITPOINT WARNING * * *
You climb upwards.
A hippogriff and a jelly come into view.
Found two stone staircases leading down.
There is a stone staircase leading down here.
The worker ant bites you.
* * * LOW HITPOINT WARNING * * *
You are poisoned.
The worker ant poisons you!
There is a stone staircase leading down here.
You feel sick.
The worker ant bites you but does no damage.
The jelly hits you but does no damage.
The worker ant bites you but does no damage.
The orc warrior hits you with a dire flail!!
You die...

# .###
...#
#+..#
##...##
##.....##
#...>...#
#.oJa...#
#..@H>..#
##.....##
##...##
#####
#....
#....#
######


You could see a hippogriff, an orc warrior, a jelly and a worker ant.

Vanquished Creatures
  Menkaure (D:4)
  A phantom (D:5)
  2 ogres (D:4)
  2 hounds
  Crazy Yiuf (D:2)
  Natasha (thrice) (D:2)
  Terence (D:3)
  A worker ant (D:5)
  An orc wizard (D:4)
  A howler monkey skeleton (D:5)
  3 adders
  A river rat (D:4)
  2 oozes
  3 worms
  A giant gecko (D:4)
  8 orcs
  A ball python (D:2)
  9 giant cockroaches
  6 goblins
  6 hobgoblins
  9 jackals
  2 kobolds
  2 quokkas
  12 bats
  3 giant newts (D:2)
  A jackal skeleton (D:4)
  6 rats
89 creatures vanquished.

Notes
Turn   | Place    | Note
--------------------------------------------------------------
     0 | D:1      | Joat the Demigod Conjurer began the quest for the Orb.
     0 | D:1      | Reached XP level 1. HP: 14/14 MP: 5/5
   157 | D:1      | Reached skill level 2 in Spellcasting
   381 | D:1      | Reached XP level 2. HP: 14/20 MP: 4/7
   543 | D:1      | Learned a level 2 spell: Searing Ray
  1605 | D:2      | Noticed Natasha
  1622 | D:2      | Killed Natasha
  1622 | D:2      | Reached skill level 3 in Spellcasting
  1622 | D:2      | Reached XP level 3. HP: 4/26 MP: 4/10
  1980 | D:2      | Noticed Natasha
  1992 | D:2      | Killed Natasha
  1992 | D:2      | Reached XP level 4. HP: 33/33 MP: 5/12
  2047 | D:2      | Learned a level 3 spell: Dazzling Spray
  2052 | D:2      | Learned a level 4 spell: Iskenderun's Mystic Blast
  2087 | D:2      | Found a radiant altar of Vehumet.
  2200 | D:2      | Noticed Crazy Yiuf
  2204 | D:2      | Killed Crazy Yiuf
  2204 | D:2      | Reached skill level 4 in Spellcasting
  2357 | D:2      | Found a burning altar of Makhleb.
  2419 | D:2      | Noticed Natasha
  2422 | D:2      | Killed Natasha
  2422 | D:2      | Reached XP level 5. HP: 20/38 MP: 10/15
  2970 | D:3      | Noticed Terence
  2985 | D:3      | Killed Terence
  3231 | D:3      | Reached skill level 5 in Spellcasting
  3347 | D:3      | Found a stormy altar of Qazlal.
  3358 | D:3      | Found a blossoming altar of Fedhas.
  3466 | D:3      | Found a sacrificial altar of Ru.
  4176 | D:4      | Found an ancient bone altar of Kikubaaqudgha.
  4335 | D:4      | Noticed an ogre
  4336 | D:4      | Noticed Menkaure
  4341 | D:4      | Killed Menkaure
  4341 | D:4      | Reached XP level 6. HP: 45/46 MP: 12/17
  4398 | D:4      | Reached skill level 1 in Short Blades
  4398 | D:4      | Reached skill level 1 in Maces & Flails
  4528 | D:4      | Reached skill level 1 in Staves
  4528 | D:4      | Reached skill level 1 in Crossbows
  4528 | D:4      | Reached skill level 1 in Unarmed Combat
  4647 | D:4      | Reached skill level 1 in Hexes
  4665 | D:4      | Reached skill level 1 in Throwing
  4665 | D:4      | Reached XP level 7. HP: 51/51 MP: 8/18
  4809 | D:5      | Entered Level 5 of the Dungeon
  4844 | D:5      | Learned a level 4 spell: Fulminant Prism
  4878 | D:5      | Reached skill level 1 in Fighting
  4878 | D:5      | Reached skill level 1 in Slings
  4878 | D:5      | Reached skill level 1 in Armour
  4878 | D:5      | Reached skill level 1 in Evocations
  5026 | D:5      | Found Haopp's Gadget Shoppe.
  5160 | D:6      | Found a basalt altar of Yredelemnul.
  5234 | D:5      | Noticed a hippogriff
  5237 | D:5      | Demolished by an orc warrior

Skill      XL: |  1  2  3  4  5  6  7 |
---------------+----------------------+-----
Spellcasting   | 2 3 4 5 |  5.4
Short Blades   | 1 |  1.0
Maces & Flails | 1 |  1.0
Staves         | 1 |  1.0
Crossbows      | 1 |  1.0
Unarmed Combat | 1 |  1.0
Hexes          | 1 |  1.2
Throwing       | 1 |  1.0
Fighting       | 1 |  1.0
Slings         | 1 |  1.0
Armour         | 1 |  1.0
Evocations     | 1 |  1.0
Stealth        | 2 |  2.0
Dodging        | 2 |  2.0
Shields        | |  0.8
Conjurations   | |  3.6

Action                   |  1- 3 |  4- 6 |  7- 9 || total
-------------------------+-------+-------+-------++-------
Melee: Club              |    17 |       |       ||    17
       Unarmed           |    10 |       |       ||    10
       Dagger            |    25 |     5 |       ||    30
       Quarterstaff      |       |    48 |    14 ||    62
       Mace              |       |       |     3 ||     3
 Cast: Magic Dart        |    42 |    43 |    12 ||    97
       Searing Ray       |       |    19 |    11 ||    30
 Stab: Sleeping          |     1 |     5 |     1 ||     7
  Eat: Chunk             |     3 |     7 |     2 ||    12
       Beef jerky        |       |     1 |       ||     1
Armor: Robe              |    10 |     9 |     2 ||    21
       Leather armour    |       |       |    23 ||    23
Dodge: Dodged            |    41 |    47 |    29 ||   117
